[Event "Late-Titled-Tuesday-Blitz-July-09-2024"]
[Site "Chess.com"]
[Date "2024.07.09"]
[Round "1"]
[White "Mattheii"]
[Black "MikaelyanArman"]
[Result "1/2-1/2"]
[WhiteElo "2482"]
[BlackElo "2894"]
[TimeControl "180+1"]
[EndTime "14:08:00 PDT"]
[Termination "Game drawn - insufficient material"]

1. d4 c6 2. c4 d6 3. Nc3 Nf6 4. e4 Bd7 5. e5 dxe5 6. dxe5 Ng8 7. Nf3 Na6 8. Be2 Bg4 9. O-O Qxd1 10. Rxd1 e6 11. Ne4 Nc5 12. Nd6+ Bxd6 13. exd6 Nf6 14. Be3 Na4 15. Bd4 c5 16. Be5 Nd7 17. Bxg7 Rg8 18. Bh6 O-O-O 19. Rd2 Bxf3 20. Bxf3 Ne5 21. Be2 Nc6 22.
Be3 Ne5 23. Rc1 Nd7 24. b3 Nab6 25. Rcd1 e5 26. g4 f5 27. f3 Nf6 28. h3 Nbd7 29. Kf1 e4 30. gxf5 Ne5 31. Bf4 Nxf3 32. Bxf3 exf3 33. Rf2 Rde8 34. Rxf3 Kd7 35. Re1 Rg1+ 36. Kxg1 Rxe1+ 37. Kf2 Ra1 38. Be5 Rxa2+ 39. Kg3 Ne4+ 40. Kf4 Re2 41. Re3 Rxe3 42. Kxe3 Nxd6 43. Bxd6 Kxd6 44. Kf4 a6 45. Kg5 Ke7 46. f6+ Kf7 47. Kf5 b5 48. cxb5 axb5 49. Ke5 c4 50. bxc4 bxc4 51.
Kd4 Kxf6 52. Kxc4 Ke5 53. Kd3 Kf4 54. Ke2 Kg3 55. Kf1 Kh2 56. Kf2 h5 57. Kf1 Kxh3 58.
Kg1 Kg3 59. Kh1 h4 60. Kg1 Kh3 61. Kh1 Kg4 62. Kg1 Kf3 63. Kh1 Kg3 64. Kg1 h3 65.
Kh1 Kg4 66. Kg1 h2+ 67. Kh1 Kf5 68. Kxh2 1/2-1/2

[Event "Late-Titled-Tuesday-Blitz-July-09-2024"]
[Site "Chess.com"]
[Date "2024.07.09"]
[Round "1"]
[White "annasargsyan_m"]
[Black "glebus008"]
[Result "1/2-1/2"]
[WhiteElo "2690"]
[BlackElo "2390"]
[TimeControl "180+1"]
[EndTime "14:08:01 PDT"]
[Termination "Game drawn - insufficient material"]

1. d4 d5 2. c4 e6 3. Nc3 c5 4.
cxd5 cxd4 5. Qxd4 Nc6 6. Qd2 exd5 7. Qxd5 Bd6 8. Bg5 f6 9. O-O-O fxg5 10. Qxd6 Qxd6 11.
Rxd6 Nf6 12. Nf3 g4 13. Nd2 Ke7 14. Rd3 Bf5 15. e4 Be6 16. a3 Rhd8 17. f4 gxf3 18.
gxf3 Ne5 19. Rxd8 Rxd8 20. f4 Nd3+ 21. Bxd3 Rxd3 22. f5 Bf7 23. Rg1 Kf8 24. e5 Nd5 25. Kc2 Rh3 26. e6 Ne3+ 27. Kc1 Bh5 28. e7+ Kxe7 29. Rxg7+ Kf6 30. Rxh7 Rxh2 31. b4 Kxf5 32. Rxb7 Rh1+ 33. Kb2 Rh2 34. Nb1 Nc4+ 35. Kc3 Be2 36. Nxc4 Rh3+ 37. Kd2 Bxc4 38. Rxa7 Rh2+ 39. Kc3 Be6 40. Nd2 Rh3+ 41. Kd4 Rh4+ 42. Kc5 Rh2 43. Nb1 Rc2+ 44. Kb6 Ba2 45. Rc7 Bxb1 46. b5 Ke6 47.
Rxc2 Bxc2 48. Kc7 Be4 49. b6 Kd5 50. a4 Kc5 51. a5 Kb5 52. b7 Bxb7 53. Kxb7 Kxa5 1/2-1/2

[Event "Late-Titled-Tuesday-Blitz-July-09-2024"]
[Site "Chess.com"]
[Date "2024.07.09"]
[Round "1"]
[White "honestgames"]
[Black "adrivillu"]
[Result "1-0"]
[WhiteElo "2831"]
[BlackElo "2450"]
[TimeControl "180+1"]
[EndTime "14:08:03 PDT"]
[Termination "honestgames won on time"]

1. e4 c5 2. Nf3 Nc6 3. d4 cxd4 4. Nxd4 e5 5. Nb5 d6 6. c4 Be6 7. N1c3 a6 8. Na3 Be7 9. Be2 Nf6 10. O-O O-O 11. Nc2 Rc8 12. Qd2 Nd7 13. Nd5 Nc5 14.
Qe3 h6 15. Nxe7+ Qxe7 16. b4 Nd7 17. Qg3 Kh8 18. Bb2 Nf6 19. Qe3 b5 20. cxb5 Na7 21.
Na3 Nxb5 22. Nxb5 axb5 23. Bxb5 Qb7 24. a4 Nxe4 25. Rac1 f5 26. f4 Qb8 27. h3 Rxc1 28.
Rxc1 Rc8 29. Rxc8+ Bxc8 30. fxe5 dxe5 31. Kh2 Bb7 32. Qb6 Nf6 33. Qe6 e4+ 34. Be5 Qf8 35. Bd6 Qc8 36. Qxc8+ Bxc8 37. a5 e3 38. Kg3 Ne4+ 39.
Kf4 Nxd6 40. Bd3 Bb7 41. Kxe3 Bxg2 42. h4 g5 43. hxg5 hxg5 44. b5 f4+ 45. Kd4 f3 46. Ke3 g4 47. Kf2 Kg7 48. b6 Kf6 49. a6 Ke5 50. b7 Nxb7 51. axb7 Kf4 52. b8=Q+ 1-0

[Event "Late-Titled-Tuesday-Blitz-July-09-2024"]
[Site "Chess.com"]
[Date "2024.07.09"]
[Round "1"]
[White "Oleg_Papayan"]
[Black "aexmi"]
[Result "1-0"]
[WhiteElo "2605"]
[BlackElo "2250"]
[TimeControl "180+1"]
[EndTime "14:08:04 PDT"]
[Termination "Oleg_Papayan won by resignation"]

1. d4 Nf6 2. Nc3 d5 3. Bf4 a6 4. e3 e6 5. a3 Bd6 6. Nf3 O-O 7. Ne5 Nc6 8. Bd3 h6 9. Qf3 Bxe5 10. dxe5 Nd7 11.
Qg3 Kh8 12. h4 Nc5 13. O-O-O b5 14. Ne2 b4 15. Nd4 Nxd4 16. exd4 bxa3 17. dxc5 a2 18.
Kd2 c6 19. b4 a5 20. c3 axb4 21. cxb4 Ba6 22. Ra1 Bxd3 23. Qxd3 Qb8 24. Qb3 Qb5 25.
Be3 Ra4 26. Rxa2 Rxb4 27. Qd3 d4 28. Bf4 Qxc5 29. Rc1 Qd5 30. Rac2 Rb3 31. Qc4 Qxc4 32. Rxc4 Rfb8 33. Rxc6 Rb2+ 34. R1c2 R2b3 35. Rc8+ Rxc8 36. Rxc8+ Kh7 37. Rc7 Kg6 38. g3 h5 39. Rc4 d3 40.
Be3 Kf5 41. Rd4 Kxe5 42. Rxd3 Rb2+ 43. Ke1 Ke4 44. Rd4+ Kf5 45. Rf4+ Kg6 46. Kf1 f5 47. Kg2 e5 48. Rc4 Kf6 49. Rc6+ Kf7 50. Rc5 g6 51. Bg5 e4 52. Rc7+ Ke6 53. Rg7 Ke5 54. Rxg6 Kd4 55.
Bf6+ Kd5 56. Bxb2 1-0

[Event "Late-Titled-Tuesday-Blitz-July-09-2024"]
[Site "Chess.com"]
[Date "2024.07.09"]
[Round "1"]
[White "LUISMIGUELOV"]
[Black "Hattori-Hanzo78"]
[Result "0-1"]
[WhiteElo "2187"]
[BlackElo "2580"]
[TimeControl "180+1"]
[EndTime "14:08:04 PDT"]
[Termination "Hattori-Hanzo78 won on time"]

1. e4 g6 2. Nf3 Bg7 3. d4 d6 4. c3 Nf6 5. Bd3 O-O 6. Bg5 Nbd7 7. Nbd2 e5 8. d5 a5 9. a4 h6 10. Bh4 c6 11. dxc6 bxc6 12. Qe2 Nc5 13. Bxf6 Bxf6 14. Bc4 Rb8 15. Ra2 d5 16. exd5 cxd5 17. Bb5 Qc7 18.
O-O Bd7 19. Bxd7 Nxd7 20. h3 Kg7 21. Re1 Rfe8 22. Nf1 Nc5 23. Ne3 Qc6 24. Rd1 Rbd8 25. Qb5 Qxb5 26. axb5 d4 27. cxd4 exd4 28. Nc4 a4 29. b6 d3 30. Nfd2 Rd7 31. Kf1 Bd4 32. Raa1 Re2 33. Ne3 Bxe3 34. fxe3 Rxe3 35. Nc4 Re4 36.
Rac1 Rdd4 37. Nd2 Rf4+ 38. Kg1 Ne6 39. b7 Rb4 40. Ra1 Rxb7 41. Nf3 Nc5 42. Ra3 Rxb2 43.
Ne5 Rb3 44. Rxb3 axb3 45. Nxd3 Rd4 46. Nb2 Rxd1+ 47. Nxd1 Na4 48. Kf2 b2 49. Nxb2 Nxb2 50. Kf3 Nc4 51. Kg4 f5+ 52. Kf4 Kf6 53. g4 fxg4 54.
hxg4 g5+ 55. Ke4 Ne5 0-1

[Event "Late-Titled-Tuesday-Blitz-July-09-2024"]
[Site "Chess.com"]
[Date "2024.07.09"]
[Round "1"]
[White "Andreikka"]
[Black "WPWPWP-2015"]
[Result "1-0"]
[WhiteElo "3009"]
[BlackElo "2507"]
[TimeControl "180+1"]
[EndTime "14:08:07 PDT"]
[Termination "Andreikka won by resignation"]

1. d4 d5 2. Nc3 Nf6 3. Bf4 c6 4. e3 Bf5 5. Nf3 Nbd7 6. Be2 h6 7. O-O e6 8. h3 Bb4 9. Bd3 O-O 10. Bxf5 exf5 11. Ne2 Ne4 12. Nc1 Re8 13. Nd3 Bf8 14.
b3 a5 15. c4 Ndf6 16. Qc2 a4 17. bxa4 dxc4 18. Qxc4 Nd5 19. Rfb1 Re7 20. Be5 Nec3 21. Rb2 Rxa4 22. Qb3 Ra7 23. Rc1 Ne4 24. a4 Qa5 25. Rc4 Rd7 26. Bb8 Ra8 27. Bh2 f6 28. Nf4 Kh7 29.
Ne6 Be7 30. h4 Re8 31. h5 Qa7 32. Nf4 Qa5 33. Ng6 Bd6 34. Bxd6 Nxd6 35. Rc5 Qa6 36. Ngh4 Ne4 37. Rc1 Nd6 38. Qc2 Re4 39. Nxf5 Nc3 40. Nxd6 Rxd6 41. Qxc3 f5 42. Qc5 Rf6 43. Qc4 Qa5 44.
Rxb7 Qd8 45. Ne5 f4 46. Qc2 Qd5 47. Rd7 Qe6 48. Qxe4+ Rf5 49. Re7 Qf6 50. Rf7 Qg5 51. Qxf5+ Qxf5 52. Rxf5 1-0

[Event "Late-Titled-Tuesday-Blitz-July-09-2024"]
[Site "Chess.com"]
[Date "2024.07.09"]
[Round "1"]
[White "andrejljepic"]
[Black "sofaceindisguise"]
[Result "1-0"]
[WhiteElo "2453"]
[BlackElo "2794"]
[TimeControl "180+1"]
[EndTime "14:08:07 PDT"]
[Termination "andrejljepic won by resignation"]

1. e4 c5 2. Nf3 e6 3. c3 d5 4. exd5 Qxd5 5. d4 Nf6 6. Be3 cxd4 7. Qxd4 Qxd4 8. Nxd4 a6 9. Nd2 Nd5 10. Nc4 Nxe3 11. fxe3 Nd7 12. a4 b6 13. Be2 Bb7 14.
Bf3 Bxf3 15. gxf3 Bc5 16. Ke2 Bxd4 17. cxd4 Ke7 18. Rhc1 Rhc8 19. Nd2 e5 20. Kd3 exd4 21.
exd4 Nf6 22. Nc4 Nd5 23. Ne5 f6 24. Ke4 Ke6 25. Nc4 Rc6 26. Ne3 Rxc1 27. Rxc1 Nxe3 28. Kxe3 Kd6 29. h4 g6 30. h5 g5 31. Ke4 Rf8 32. Kf5 a5 33. Re1 Kd5 34. Re6 Kxd4 35.
Rxb6 Ke3 36. Rb3+ Kf2 37. h6 Rf7 38. Ke6 Rf8 39. Ke7 Rg8 40. Kxf6 Rg6+ 41. Kf5 Rxh6 42. Kxg5 Rg6+ 43. Kf5 Rg7 44. f4 h5 45. Rh3 Rh7 46.
Kg6 Rb7 47. f5 Rxb2 48. f6 Rb6 49. Kg7 Rb4 50. f7 Rg4+ 51. Kf8 Rg5 52. Ke7 Re5+ 53. Kf6 Re3 54. f8=Q Rxh3 55. Qc5+ Kg2 56. Qxa5 h4 57.
Qd5+ Rf3+ 58. Kg5 Kg3 59. Qe5+ Kf2 60. Kxh4 Re3 61. Qd4 Ke2 62. a5 Rd3 63. Qxd3+ Kxd3 64. a6 Kc4 65. a7 Kb5 66. a8=Q Kb6 67. Qc8 Kb5 68. Kg4 1-0

[Event "Late-Titled-Tuesday-Blitz-July-09-2024"]
[Site "Chess.com"]
[Date "2024.07.09"]
[Round "1"]
[White "Kombinator01"]
[Black "bancsoo"]
[Result "0-1"]
[WhiteElo "2452"]
[BlackElo "2842"]
[TimeControl "180+1"]
[EndTime "14:08:08 PDT"]
[Termination "bancsoo won on time"]

1. e4 e5 2. Nf3 d6 3. d4 exd4 4.
Nxd4 Nf6 5. Nc3 Be7 6. Bd3 O-O 7. O-O Re8 8. h3 Nbd7 9. Kh1 Bf8 10. f4 Nc5 11. Qf3 Nxd3 12. cxd3 c5 13. Nde2 Bd7 14.
Ng3 Bc6 15. Nf5 d5 16. Qg3 Qd7 17. Nh6+ Kh8 18. e5 gxh6 19. exf6 Qf5 20. Bd2 d4 21. Ne4 Bxe4 22. dxe4 Rxe4 23. Rae1 Rae8 24. Rxe4 Rxe4 25. Re1 Rxe1+ 26. Qxe1 Qxf6 27. Qe4 b6 28. f5 Bd6 29.
Bf4 Bxf4 30. Qxf4 Kg7 31. Qg3+ Qg5 32. Qe5+ Qf6 33. Qg3+ Kf8 34. Qb8+ Ke7 35. Qxa7+ Ke8 36. Qa8+ Qd8 37. Qc6+ Qd7 38. Qa8+ Ke7 39. Qe4+ Kf6 40. Qh4+ Ke5 41. Qg3+ Kd5 42. Qf3+ Kd6 43. Qf4+ Kc6 44. Qe4+ Kc7 45. Qd3 Qd5 46. b3 Qe5 47. a4 Kd6 48. Qb5 Qe1+ 49. Kh2 Qb4 50. Qe8 Qxb3 51. Qd8+ Ke5 52. f6 Qe6 53. Kg3 Qxf6 54. Qc7+ Qd6 55. Qxf7 Qg6+ 0-1

[Event "Late-Titled-Tuesday-Blitz-July-09-2024"]
[Site "Chess.com"]
[Date "2024.07.09"]
[Round "1"]
[White "ChessSwole"]
[Black "invisible_s0ul"]
[Result "1-0"]
[WhiteElo "2693"]
[BlackElo "2380"]
[TimeControl "180+1"]
[EndTime "14:08:08 PDT"]
[Termination "ChessSwole won on time"]

1. e4 c5 2. Nf3 e6 3. d4 cxd4 4. Nxd4 Nc6 5. Nc3 Nf6 6. Ndb5 Bb4 7. a3 Bxc3+ 8. Nxc3 d5 9. Bd3 dxe4 10. Nxe4 Nxe4 11.
Bxe4 Qxd1+ 12. Kxd1 Ke7 13. Be3 Rd8+ 14. Kc1 h6 15. b3 f5 16. Bxc6 bxc6 17. Kb2 e5 18.
f4 e4 19. Rad1 Rxd1 20. Rxd1 Be6 21. Bc5+ Kf7 22. Rd6 g5 23. g3 Rc8 24. Bxa7 c5 25.
b4 cxb4 26. axb4 Bc4 27. Rxh6 gxf4 28. gxf4 Ra8 29. Bd4 Ra2+ 30. Kc3 Be6 31. b5 Ra3+ 32. Kb4 Ra2 33. Kc3 Ra1 34. Rh7+ Kg6 35. Rg7+ Kh5 36. Re7 Bc8 37. b6 Rb1 38. Rc7 Ba6 39. Ra7 Bc8 40. Ra5 Kg4 41. Be3 Kf3 42. Kd2 Bb7 43. Ra7 Bc8 44. Ra3 Kg2 45. h4 Kf3 46. Rc3 Bb7 47. Rc7 Ba6 48. h5 Be2 49.
h6 Rd1+ 50. Kc3 Kxe3 51. b7 Rb1 52. h7 1-0

[Event "Late-Titled-Tuesday-Blitz-July-09-2024"]
[Site "Chess.com"]
[Date "2024.07.09"]
[Round "1"]
[White "Javokhir_Sindarov05"]
[Black "GilbertoHernandezAmura"]
[Result "1-0"]
[WhiteElo "3069"]
[BlackElo "2512"]
[TimeControl "180+1"]
[EndTime "14:08:09 PDT"]
[Termination "Javokhir_Sindarov05 won by checkmate"]

1. e4 e5 2. Nf3 Nc6 3. Bc4 Bc5 4.
Nc3 a6 5. d3 h6 6. Be3 Bxe3 7.
fxe3 Nf6 8. O-O d6 9. d4 Bg4 10.
a3 Qd7 11. Qd3 O-O 12. Nh4 Ne7 13. Rf2 exd4 14. exd4 d5 15. exd5 Nexd5 16. Nxd5 Nxd5 17. Qg3 Be6 18. Raf1 c6 19. Bd3 Rad8 20. c3 Qe7 21. h3 Qg5 22. Kh2 Qxg3+ 23. Kxg3 Nb6 24. Bf5 Bxf5 25.
Nxf5 Rfe8 26. Rf4 h5 27. R4f3 Rd7 28. Re3 Rxe3+ 29. Nxe3 Re7 30. Kf2 g6 31. Re1 Kf8 32.
Rd1 f6 33. c4 Rd7 34. Ke2 Ke7 35. Kd3 g5 36. Re1 Kf7 37. Nf5 Kg6 38. g4 hxg4 39.
hxg4 Rh7 40. b3 Nd7 41. Re8 c5 42. Rg8+ Kf7 43. Rd8 Kg6 44. Nd6 cxd4 45. Kxd4 Ne5 46.
Rg8+ Rg7 47. Rxg7+ Kxg7 48. Nxb7 Nxg4 49. b4 Ne5 50. a4 g4 51. Nd6 Kf8 52. Nf5 Ke8 53. b5 axb5 54. cxb5 Kd7 55. a5 Kc7 56. Kd5 g3 57. Nxg3 Nd3 58. Nf5 Nb4+ 59. Kc4 Nc2 60. Nd4 Ne3+ 61. Kc5 f5 62. b6+ Kb7 63. Kb5 Nd5 64.
a6+ Kb8 65. Nc6+ Ka8 66. b7# 1-0

[Event "Late-Titled-Tuesday-Blitz-July-09-2024"]
[Site "Chess.com"]
[Date "2024.07.09"]
[Round "1"]
[White "Snowball-03"]
[Black "Ash15K"]
[Result "0-1"]
[WhiteElo "2610"]
[BlackElo "2306"]
[TimeControl "180+1"]
[EndTime "14:08:10 PDT"]
[Termination "Ash15K won by resignation"]

1. e4 c5 2. Nf3 d6 3. d4 cxd4 4. Nxd4 Nf6 5. Nc3 a6 6. Bg5 Nbd7 7. Qe2 g6 8. O-O-O Bg7 9. f4 O-O 10.
e5 dxe5 11. fxe5 Qa5 12. Bxf6 exf6 13. e6 Ne5 14. Nb3 Bh6+ 15. Kb1 Qb6 16. Nd5 Qxe6 17.
Nc7 Qc6 18. Nxa8 Bg4 19. Qe1 Bxd1 20. Qxd1 Rxa8 21. Nd4 Qd5 22. Be2 Rd8 23. c3 Qe4+ 24. Ka1 Be3 25. Re1 Bxd4 26. cxd4 Qxd4 27. Qb3 Qd2 28.
Rd1 Qa5 29. Rxd8+ Qxd8 30. a3 Qd2 31. Bd1 Qxg2 32. h3 Qd2 33. Ka2 Nd3 34. Ka1 Nxb2 35. Bc2 Qc1+ 36. Ka2 Qh1 37. Qxb2 Qxh3 38. Qxf6 Qe6+ 39.
Qxe6 fxe6 40. Be4 b6 41. Kb3 g5 42. Kc4 h5 43. Bb7 h4 44. Bxa6 h3 45. Bb7 g4 46.
Kb5 g3 47. Kxb6 g2 48. a4 g1=Q+ 49. Kc7 h2 50. a5 h1=Q 51. Bxh1 Qxh1 52. a6 Qa8 53. Kb6 e5 0-1

[Event "Late-Titled-Tuesday-Blitz-July-09-2024"]
[Site "Chess.com"]
[Date "2024.07.09"]
[Round "1"]
[White "Adar_07"]
[Black "Payyappat"]
[Result "1-0"]
[WhiteElo "2751"]
[BlackElo "2412"]
[TimeControl "180+1"]
[EndTime "14:08:13 PDT"]
[Termination "Adar_07 won on time"]

1. Nf3 Nf6 2. d4 e6 3. Bg5 c5 4. Nc3 cxd4 5. Nxd4 Nc6 6. Ndb5 d5 7. e4 a6 8. exd5 axb5 9. dxc6 Qxd1+ 10. Rxd1 bxc6 11.
a3 Be7 12. Be2 O-O 13. Bf3 Ra6 14. O-O h6 15. Bh4 Re8 16. Rfe1 g5 17. Bg3 h5 18.
Be5 g4 19. Be2 Nd5 20. Nxb5 cxb5 21. Bxb5 Rf8 22. Bxa6 Bxa6 23. Bg3 h4 24. Be5 Rc8 25. Rd4 f5 26. c3 Rc5 27. Bd6 Bxd6 28. Rxe6 Nf4 29.
Rdxd6 Ne2+ 30. Kh1 Bc4 31. Re7 Kf8 32. Ra7 Rc8 33.
Rf6+ Kg8 34. Rxf5 h3 35. Rg5+ Kf8 36. Rxg4 Bd5 37. f3 Nxc3 38. bxc3 Rxc3 39. Rf4+ Kg8 40.
gxh3 Bxf3+ 41. Kg1 Bd5 42. Rd4 Bf7 43. Rg4+ Kh8 44. Rxf7 Rg3+ 45. Kf1 Rg1+ 46. Ke2 Re1+ 47. Kd3 Rd1+ 48. Ke4 Rd4+ 49. Kf3 Rd3+ 50. Kf4 Rf3+ 51. Kg5 Rxf7 52. a4 Ra7 53. Rb4 Kg7 54. h4 Ra5+ 55. Kg4 Kg6 56. h5+ Kh7 57. Rc4 Kh6 58. h4 Kh7 59.
Kg3 Kh6 60. Rb4 Kh7 61. Kf3 Kh6 62. Ke3 Rxh5 63. Kd3 1-0

[Event "Late-Titled-Tuesday-Blitz-July-09-2024"]
[Site "Chess.com"]
[Date "2024.07.09"]
[Round "1"]
[White "PositionalPanther"]
[Black "Rud_Makarian"]
[Result "1-0"]
[WhiteElo "2520"]
[BlackElo "2980"]
[TimeControl "180+1"]
[EndTime "14:08:15 PDT"]
[Termination "PositionalPanther won by resignation"]

1. Nf3 Nf6 2. g3 b5 3. Bg2 Bb7 4. O-O e6 5. a4 b4 6. c4 Be7 7.
b3 O-O 8. Bb2 c5 9. d4 d5 10.
Nbd2 Nbd7 11. Rc1 Rc8 12. e3 cxd4 13. Nxd4 Nc5 14. Qe2 Qd7 15. Rfd1 dxc4 16. Nxc4 Bxg2 17. Kxg2 Qb7+ 18. Qf3 Nd5 19. Kg1 Rfd8 20. Ne5 f6 21. Rxc5 Bxc5 22. Nxe6 Nxe3 23. Rxd8+ Rxd8 24. Nxd8 Qxf3 25. Nxf3 Nd5 26. Ne6 Bb6 27. Bd4 Kf7 28. Bxb6 Nxb6 29. Nc5 Ke7 30. Nd2 Kd6 31. Nce4+ Kd5 32. Kf1 Kd4 33. Ke2 Nd5 34. Nd6 Nc3+ 35. Kf3 Kd3 36.
N2c4 a6 37. Na5 Nd5 38. Nf5 g6 39. Ne3 Nc7 40. Ng4 f5 41. Nf6 h6 42. Ng8 Ne6 43. Nxh6 Kc3 44. Nf7 Nd4+ 45. Ke3 Nxb3 46. Nxb3 Kxb3 47.
Ne5 Kxa4 48. Kd2 Ka3 49. Kc1 Ka2 50. Nd3 b3 51. Nb2 a5 52. f3 Ka3 53. g4 fxg4 54. fxg4 Kb4 55. h4 Kc5 56. h5 gxh5 57. gxh5 a4 58.
Nxa4+ Kd5 59. h6 Ke6 60. h7 1-0

[Event "Late-Titled-Tuesday-Blitz-July-09-2024"]
[Site "Chess.com"]
[Date "2024.07.09"]
[Round "1"]
[White "wild3000"]
[Black "klimkoj"]
[Result "0-1"]
[WhiteElo "2460"]
[BlackElo "2866"]
[TimeControl "180+1"]
[EndTime "14:08:17 PDT"]
[Termination "klimkoj won on time"]

1. d4 Nf6 2. Nf3 g6 3. g3 Bg7 4.
Bg2 O-O 5. O-O d5 6. c4 c6 7.
Nc3 dxc4 8. Ne5 Ng4 9. Bf4 Nxe5 10.
Bxe5 Bxe5 11. dxe5 Qb6 12. Qc2 Nd7 13. e6 fxe6 14.
Ne4 Nf6 15. Rab1 Nxe4 16. Qxe4 Qa6 17. a3 Rb8 18. e3 b5 19. Rfd1 c5 20. Qe5 Qb6 21.
Rd2 Bb7 22. Bxb7 Rxb7 23. Rbd1 b4 24. Rd7 Rxd7 25. Rxd7 Re8 26. a4 c3 27. bxc3 b3 28. Rd1 c4 29. Qe4 Rc8 30. h4 Qc6 31. Qd4 Rb8 32. h5 Qd6 33. hxg6 Qxd4 34. gxh7+ Kxh7 35. exd4 Kg6 36. f3 Kf5 37. Kf2 e5 38. dxe5 Kxe5 39.
Ke3 a5 40. g4 Kf6 41. Rb1 Rd8 42. f4 Rd3+ 43. Ke4 Rxc3 44. g5+ Kg6 45. Rh1 b2 46. Rb1 Rc2 47. Kd4 c3 48. Rh1 Rc1 49.
Rh6+ Kg7 50. Re6 b1=Q 51. Rxe7+ Kf8 52. Re6 Rd1+ 53. Ke5 Re1+ 54. Kf6 Rxe6+ 55. Kxe6 Qg6+ 56. Ke5 c2 57. f5 Qxg5 0-1

[Event "Late-Titled-Tuesday-Blitz-July-09-2024"]
[Site "Chess.com"]
[Date "2024.07.09"]
[Round "1"]
[White "MKlose11"]
[Black "le-castor-faineant"]
[Result "1-0"]
[WhiteElo "2659"]
[BlackElo "2336"]
[TimeControl "180+1"]
[EndTime "14:08:19 PDT"]
[Termination "MKlose11 won on time"]

1. e4 e5 2. Nf3 Nf6 3. d4 Nxe4 4. Bd3 d5 5. Nxe5 Bd6 6. O-O O-O 7. c4 c6 8. Nc3 Nxc3 9. bxc3 dxc4 10. Nxc4 Bc7 11. Qf3 Be6 12. Bf4 Nd7 13. Nd6 Qb8 14. Qg3 Nf6 15.
Nf5 Bxf5 16. Bxc7 Qc8 17. Be5 Nh5 18. Qf3 Bxd3 19. Qxd3 Qg4 20. h3 Qg6 21. Qf3 Rfe8 22. g4 Nf6 23. Bxf6 Qxf6 24. Qxf6 gxf6 25. Rfe1 Re6 26. Kf1 Rae8 27. Rab1 b5 28. Rxe6 fxe6 29. a4 a6 30. Ke2 Kf7 31. axb5 cxb5 32. Ra1 Rc8 33. Kd3 Rc6 34. f4 Kg6 35. Ra2 h6 36. Ra1 Kf7 37. Ra5 Ke7 38. Ra1 Kf7 39. h4 Kg6 40. Re1 Kf7 41. Rh1 Kg6 42. Rg1 Kf7 43.
g5 fxg5 44. fxg5 hxg5 45. Rxg5 Kf6 46. Re5 Rc8 47. h5 Rh8 48. Rc5 Ra8 49. Kc2 Ke7 50. h6 Kf6 51. Rc6 a5 52. d5 Kg6 53. Rxe6+ Kh7 54. d6 a4 55. Kb2 Rd8 56. Ka3 Rc8 57.
Kb4 a3 58. Kxa3 Rxc3+ 59. Kb4 Rd3 60. Kxb5 Rd1 61. Kc6 Kh8 62. Kd7 Kh7 63. Ke7 Kh8 64. d7 Kh7 65. d8=Q Rd7+ 66. Qxd7 1-0

[Event "Late-Titled-Tuesday-Blitz-July-09-2024"]
[Site "Chess.com"]
[Date "2024.07.09"]
[Round "1"]
[White "HaryKane"]
[Black "yujiarun18"]
[Result "0-1"]
[WhiteElo "2576"]
[BlackElo "2239"]
[TimeControl "180+1"]
[EndTime "14:08:19 PDT"]
[Termination "yujiarun18 won by resignation"]

1. d4 d5 2. e3 Nf6 3. f4 Bf5 4.
Nf3 h6 5. Bd3 Ne4 6. O-O e6 7.
Nbd2 c5 8. Qe2 Nc6 9. c3 Be7 10.
Ne5 O-O 11. Bxe4 dxe4 12. Nxc6 bxc6 13. g4 Bh7 14. f5 exf5 15. gxf5 cxd4 16. exd4 Re8 17.
Nxe4 Qd7 18. Qg2 Bxf5 19. Bxh6 g6 20. Rae1 Bh3 21. Qf3 Bxf1 22. Rxf1 f5 23. Ng3 Bf8 24. Bf4 Bg7 25. Kh1 Re6 26. Rg1 Rae8 27. h4 Re1 28. Nf1 Qe7 29. Qf2 Kf7 30. Qg3 Qe6 31. h5 Rh8 32. h6 Bxh6 33. Bxh6 Rxh6+ 34. Nh2 Qe4+ 35. Qg2 Rxg1+ 36. Kxg1 Qe1+ 37. Nf1 Qh4 38. Qxc6 Qg4+ 39. Qg2 Qf4 40. Qb7+ Kf6 41. Qc6+ Kg5 42. Qg2+ Qg4 43. Ne3 Qxg2+ 44. Kxg2 Rh4 45. Kf3 Rf4+ 46. Ke2 Re4 47.
Kf3 Rf4+ 48. Kg3 Re4 49. Ng2 f4+ 50. Kf3 Re6 51. d5 Rf6 52. c4 Kf5 53. Nh4+ Ke5 54. Kg4 g5 55. Nf3+ Ke4 56. Nxg5+ Kd4 57. Nf3+ Kxc4 58.
Kg5 Rf8 59. d6 Kd5 60. d7 Kd6 61. Ne5 Kxe5 62. Kg6 f3 63. Kg7 Rd8 64. Kf7 Rxd7+ 0-1

[Event "Late-Titled-Tuesday-Blitz-July-09-2024"]
[Site "Chess.com"]
[Date "2024.07.09"]
[Round "1"]
[White "Marks1420"]
[Black "flaviorcb"]
[Result "0-1"]
[WhiteElo "2552"]
[BlackElo "2185"]
[TimeControl "180+1"]
[EndTime "14:08:20 PDT"]
[Termination "flaviorcb won by checkmate"]

1. e4 c5 2. Nf3 g6 3. c3 Bg7 4. Bd3 d6 5. O-O Nf6 6. Bc2 Nc6 7. h3 O-O 8. d3 Rb8 9. Be3 b5 10. Qd2 b4 11. Bh6 bxc3 12. bxc3 Ba6 13. Bxg7 Kxg7 14.
Na3 Qa5 15. Nc4 Bxc4 16. dxc4 Rb2 17. Qd3 Rxa2 18. Rxa2 Qxa2 19. Re1 Rb8 20. e5 Nxe5 21. Nxe5 dxe5 22. Bb1 e4 23. Bxa2 exd3 24. Rd1 Rb2 25. Bb1 d2 26. Kf1 Nd7 27. f4 f5 28. Ke2 Nb6 29.
Bd3 Na4 30. Rxd2 Nxc3+ 31. Ke3 Rxd2 32. Kxd2 Ne4+ 33. Ke3 Nd6 34. g4 Kf6 35. g5+ Ke6 36. h4 Nf7 37. Bc2 Kd6 38. Ba4 e5 39. fxe5+ Nxe5 40. Bb5 a5 41. Kf4 Nd3+ 42. Ke3 Nb4 43. Kf4 Nc6 44. h5 Nd4 45. Be8 Ne6+ 46. Ke3 Nxg5 47.
hxg6 hxg6 48. Bxg6 Ke5 49. Be8 Ne4 50. Bb5 f4+ 51. Kf3 Nd6 52. Bc6 Nxc4 53. Ke2 Nd6 54. Kd3 c4+ 55. Kc3 Kf5 56. Kd4 Kg4 57. Ke5 f3 58.
Kxd6 f2 59. Bg2 a4 60. Bf1 a3 61. Bxc4 a2 62. Bxa2 f1=Q 63. Be6+ Kg5 64. Bd5 Qd3 65. Ke5 Qe3+ 66. Be4 Qg3+ 67. Kd4 Qf4 68. Kd5 Kf6 69. Bd3 Qe5+ 70. Kc4 Ke7 71. Bc2 Kd6 72. Bd3 Qf4+ 73.
Kb3 Kc5 74. Kc3 Qd4+ 75. Kd2 Kb4 76. Kc2 Qc3+ 77. Kb1 Qxd3+ 78. Ka2 Qd2+ 79. Ka1 Kb3 80. Kb1 Qb2# 0-1

[Event "Late-Titled-Tuesday-Blitz-July-09-2024"]
[Site "Chess.com"]
[Date "2024.07.09"]
[Round "1"]
[White "ljm509"]
[Black "dolynachess"]
[Result "0-1"]
[WhiteElo "2009"]
[BlackElo "2546"]
[TimeControl "180+1"]
[EndTime "14:08:23 PDT"]
[Termination "dolynachess won by resignation"]

1. e4 c5 2. Nf3 d6 3. d4 cxd4 4. Nxd4 Nf6 5. Nc3 g6 6. f3 Nc6 7. Be3 h5 8. Qd2 Nxd4 9. Bxd4 Bh6 10. Be3 Bxe3 11. Qxe3 Be6 12. O-O-O Qa5 13. Bb5+ Kf8 14. Ba4 Rc8 15. Bb3 Bxb3 16. axb3 Kg7 17. Kb1 Rc6 18. h4 Ra6 19. Kc1 Rc8 20. Kd2 Qe5 21. Ra1 Rxa1 22. Rxa1 a6 23. Ra4 Qg3 24. Qg5 Qf2+ 25.
Kc1 Rc5 26. Qd2 Qxh4 27. Rb4 b5 28. Rd4 Qg3 29. Kb1 h4 30. b4 Rg5 31. f4 Rg4 32. e5 dxe5 33. fxe5 Qxe5 34. Rxg4 Nxg4 35.
Qd7 Ne3 36. Qd2 Nc4 37. Qf2 Qg3 38. Qd4+ e5 39. Qd5 Qe1+ 40. Ka2 Qc1 41. Nd1 Qxc2 42. Ka1 Qd2 43. Qxd2 Nxd2 44. Ne3 f5 45. b3 Nxb3+ 46. Kb2 Nd2 47. Kc3 Nc4 48. Nd5 g5 49. Nc7 g4 50. Nxa6 h3 51. gxh3 gxh3 52. Nc7 h2 53.
Nxb5 h1=Q 54. Kxc4 Qf1+ 55. Kc5 f4 56. Nd6 f3 57. b5 f2 58. b6 Qc1+ 59. Kd5 f1=Q 60. b7 Qd3+ 61. Ke6 Qb3+ 62. Kd7 Qd2 63. Kc7 Qxd6+ 64.
Kxd6 Qxb7 65. Kxe5 Qf7 66. Kd4 Qf5 0-1

[Event "Late-Titled-Tuesday-Blitz-July-09-2024"]
[Site "Chess.com"]
[Date "2024.07.09"]
[Round "1"]
[White "krucki03"]
[Black "GHANDEEVAM2003"]
[Result "0-1"]
[WhiteElo "2517"]
[BlackElo "3177"]
[TimeControl "180+1"]
[EndTime "14:08:24 PDT"]
[Termination "GHANDEEVAM2003 won by resignation"]

1. e4 d6 2. d4 g6 3. Nc3 Bg7 4. Nf3 a6 5. Be3 b5 6. Bd3 Nd7 7. a4 b4 8. Ne2 Ngf6 9. c3 Bb7 10.
Ng3 a5 11. O-O O-O 12. Qd2 Ng4 13. cxb4 Nxe3 14. fxe3 axb4 15. Qxb4 Qb8 16. a5 c5 17.
Qa4 Qc7 18. Rfc1 Bc6 19. Qc2 Rfb8 20. a6 Qb6 21. Ra2 Ra7 22. Ne2 Bh6 23. Kf2 Rc8 24.
d5 Ba8 25. Nc3 c4 26. Nd1 Rxa6 27. Rxa6 Qxa6 28. Bxc4 Qb6 29. b3 Bb7 30. Ra1 Bg7 31.
Rc1 Ra8 32. Ne1 Ne5 33. Nd3 Ng4+ 34. Kf3 h5 35. h3 Nf6 36. N3f2 Nd7 37. Nd3 Bh6 38. Rb1 Rf8 39. g4 hxg4+ 40. hxg4 Bg5 41. Rb2 Bf6 42. Ra2 Kg7 43. Qe2 Rh8 44. Qg2 Ne5+ 45. Nxe5 Bxe5 46. Qg1 Rh3+ 47. Ke2 Bc8 48. Kd3 Qd8 49. Rg2 Qh8 50. Nf2 Rh4 51. Qf1 Bd7 52.
Rg1 Qa8 53. Rh1 Rxh1 54. Qxh1 Qa5 55. Qd1 Qc3+ 56. Ke2 Bg3 57. Qe1 Bxg4+ 58. Kf1 Bh3+ 59. Ke2 Qf6 60. Qg1 Qh4 61. Nxh3 Qxh3 62. Qf1 Qh2+ 63.
Kd3 Be5 64. Qe2 Qg1 65. Qc2 g5 66. Qe2 g4 67. Kd2 Kf8 68. b4 g3 69. b5 Qa1 70. Bd3 Qc3+ 71. Kd1 g2 72. Qxg2 Qxd3+ 73. Ke1 Qxe3+ 0-1